 Dungeon Crawl Stone Soup version 0.31-a0-986-g5e6e4ef867 (webtiles) character file.

Game seed: 739398974043019653

694 ratware the Ducker (level 7, 0/68 HPs)
             Began as a Troll Monk on Nov 21, 2023.
             Was a Believer of Nemelex Xobeh.
             Slain by a gnoll
             ... wielding a +0 whip
             ... led by a gnoll bouda
              (6 damage)
             ... on level 7 of the Dungeon.
             The game lasted 00:41:25 (4765 turns).

ratware the Ducker (Troll Monk)                     Turns: 4765, Time: 00:41:32

Health: 0/68       AC:  6    Str: 18 (20) XL:     7   Next: 37%
Magic:  6/6        EV: 11    Int:  4 (6)  God:    Nemelex Xobeh [**....]
Gold:   279        SH:  0    Dex: 14      Spells: 6/6 levels left

rFire   . . .        k - +1 rapier (flame)
rCold   + . .        c - orb {light}
rNeg    + . .        u - +2 robe {rC+}
rPois   .            (helmet restricted)
rElec   .            (no cloak)
rCorr   .            (gloves unavailable)
SInv    .            (boots unavailable)
Will    .....        e - amulet of magic regeneration
Stlth   +            f - ring of positive energy
HPRegen 1.11/turn    (no ring)
MPRegen 0.50/turn

%: no passive effects
@: lethally poisoned (0 -> -6), about to teleport, glowing
A: large, unfitting armour, claws 3, regeneration 1, shaggy fur 1, tough skin 1
a: Renounce Religion, Draw Escape, Draw Destruction, Draw Summoning


You were on level 7 of the Dungeon.
You worshipped Nemelex Xobeh.
Nemelex Xobeh was pleased with you.
You visited 1 branch of the dungeon, and saw 5 of its levels.

You collected 279 gold pieces.

Inventory:

Hand Weapons
 k - a +1 rapier of flaming (weapon)
Missiles
 j - a throwing net
Armour
 c - an orb of light (worn)
 d - the +1 scale mail "Gigum" {+Blink Int+3}
   (You found it on level 4 of the Dungeon)

   Int+3:     It affects your intelligence (+3).
   +Blink:    It lets you blink.
 u - a +2 robe of cold resistance (worn)
Jewellery
 e - an amulet of magic regeneration (around neck)
 f - a ring of positive energy (left claw)
Scrolls
 g - 3 scrolls of identify
Potions
 b - 2 potions of curing
 m - a potion of haste
 n - a potion of magic
 o - 2 potions of mutation


   Skills:
 + Level 3.8 Fighting
 + Level 4.1 Short Blades
 + Level 4.2 Dodging
 + Level 4.0 Unarmed Combat


You had 6 spell levels left.
You didn't know any spells.
Your spell library contained the following spells:

 Spells                   Type           Power      Damage    Failure   Level
 Dazzling Flash           Conj/Hex       0%         N/A       86%         3
 Gell's Gravitas          Tloc           0%         N/A       86%         3
 Teleport Other           Tloc           0%         N/A       86%         3
 Volatile Blastmotes      Fire/Tloc      0%         2d10      86%         3
 Dispersal                Tloc           0%         N/A       100%        6
 Starburst                Conj/Fire      0%         6d3       100%        6
 Maxwell's Capacitive Co  Air            0%         ∞         100%        8


Dungeon Overview and Level Annotations

Branches:
Dungeon (7/15)             Temple (0/1) D:4

Altars:
Ashenzari
Nemelex Xobeh
Okawaru

Shops:
D:3 (


Innate Abilities, Weirdness & Mutations

You are too large for most types of armour.
You have claws for hands.
Your natural rate of healing is unusually fast.
You are covered in fur. (AC +1)
You have tough skin. (AC +1)


Message History

You hit the gnoll. You burn the gnoll.
The gnoll is moderately wounded.
You feel very sick. The gnoll hits you with a +0 whip.
The gnoll barely misses you. The gnoll closely misses you.
The gnoll bouda hits you with a +2 whip of venom.
You are more poisoned.
You don't know any spells.
You draw a card...
You have drawn the Tomb.
Walls emerge from the floor!
The deck of cards glows with a rainbow of weird colours and disappears.
Your attacks no longer feel as feeble.
You feel very sick. The gnoll barely misses you.
The gnoll hits you with a +0 whip. The gnoll barely misses you.
The gnoll bouda barely misses you.
You don't know any spells.
As you read the scroll of teleportation, it crumbles to dust.
You feel strangely unstable.
You feel very sick.
The gnoll is no longer moving quickly.
The gnoll barely misses you. The gnoll hits you with a +0 whip.
* * * LOW HITPOINT WARNING * * *
The gnoll hits you with a +0 club.
* * * LOW HITPOINT WARNING * * *
The gnoll bouda hits you with a +2 whip of venom.
* * * LOW HITPOINT WARNING * * *
You draw a card...
You have drawn Pain.
Press: ? - help, Shift-Dir - straight line You can't see that place. [the floor.]
You can't see that place.
Okay, then.
Aiming: Pain
Press: ? - help, Shift-Dir - straight line The gnoll bouda convulses!
* * * LOW HITPOINT WARNING * * *
You feel very sick. The gnoll barely misses you.
The gnoll hits you with a +0 whip.
You die...
Your body glows slightly brighter and disappears.

.........## .##..#
.........##.....#
#.............#
#............#
.....####.....†......##
......##...............
.....# #...........##.
.....###.......#####
......#........#@g.##
.....##........ggg..#
...................##
...........#............
..#####....##....##.....
K## #...........# .....
.# ....##>......# ....
.# #.... .......## ....
.# #...$ ....##.. ...


You could see a gnoll bouda and 3 gnolls.

Vanquished Creatures
  Sigmund (D:4)
  An ogre (D:4)
  A scorpion (D:7)
  5 orc priests
  An iguana (D:4)
  An orc wizard (D:3)
  4 gnolls (D:2)
  6 adders
  2 dart slugs (D:1)
  12 orcs
  2 endoplasms
  2 giant cockroaches
  5 goblins
  4 hobgoblins (D:1)
  4 jackals (D:2)
  7 kobolds
  5 quokkas
  5 ball pythons
  5 bats
  5 frilled lizards
  6 rats
84 creatures vanquished.

Notes
Turn   | Place    | Note
-------+----------+-------------------------------------------
     0 | D:1      | ratware the Troll Monk began the quest for the Orb.
     0 | D:1      | Reached XP level 1. HP: 22/22 MP: 0/0
     8 | D:1      | You fall into a shaft and drop 1 floor!
   222 | D:2      | Reached XP level 2. HP: 29/29 MP: 1/1
   315 | D:2      | Reached XP level 3. HP: 18/36 MP: 2/2
   458 | D:2      | Found an iron altar of Okawaru.
   800 | D:2      | Reached XP level 4. HP: 45/45 MP: 3/3
  2374 | D:3      | Found a broken altar of Ashenzari.
  2472 | D:3      | Reached skill level 1 in Short Blades
  2472 | D:3      | Reached XP level 5. HP: 52/53 MP: 4/4
  2491 | D:3      | Found Hacuduru's Antique Weapon Emporium.
  2640 | D:3      | Found a sparkling altar of Nemelex Xobeh.
  2640 | D:3      | Found a transporter.
  2641 | D:3      | Noticed an ice beast
  2650 | D:3      | Became a worshipper of Nemelex Xobeh the Trickster
  2650 | D:3      | Reached * piety under Nemelex Xobeh
  2650 | D:3      | Received a gift from Nemelex Xobeh
  2650 | D:3      | Reached ** piety under Nemelex Xobeh
  3405 | D:3      | You fall into a shaft and drop 1 floor!
  3583 | D:4      | Reached XP level 6. HP: 61/61 MP: 5/5
  3588 | D:4      | Noticed Sigmund
  3641 | D:4      | Killed Sigmund
  3660 | D:4      | Identified the +1 scale mail "Gigum" {+Blink Int+3}
  3800 | D:4      | Found a staircase to the Ecumenical Temple.
  4086 | D:4      | Reached XP level 7. HP: 34/68 MP: 6/6
  4323 | D:4      | Received a gift from Nemelex Xobeh
  4703 | D:4      | You fall into a shaft and drop 3 floors!
  4713 | D:7      | Noticed a wyvern
  4765 | D:7      | Slain by a gnoll

Illustrated notes

Levels and vault maps discovered:
D:1:      lightli_arrival_farm, layout_basic
D:2:      layout_loops_corners, basic_altar
D:3:      layout_loops_ring, grunt_nemelex_the_gamble, ashenzari_altar_1,
          serial_shops, shop, amcnicky_mini_corridor_feature
D:4:      layout_layer_cave, minmay_temple_entry_tees, uniq_sigmund
D:7:      layout_cave_pools, lemuel_tele_altar, centaur_isle

Skill      XL: |  1  2  3  4  5  6  7 |
---------------+----------------------+-----
Fighting       | 3 |  3.8
Dodging        | 3 4 |  4.2
Short Blades   | 1 2 3 4 |  4.1
Unarmed Combat | 4 |  4.0

Action                     |  1- 3 |  4- 6 |  7- 9 || total
---------------------------+-------+-------+-------++-------
  Melee: Unarmed           |    23 |       |       ||    23
         Rapier            |    29 |   170 |    41 ||   240
 Invoke: Draw Destruction  |       |       |     2 ||     2
         Draw Escape       |       |       |     1 ||     1
    Use: Scroll            |       |     6 |     4 ||    10
         Potion            |       |     9 |       ||     9
 Armour: Robe              |    36 |   130 |    35 ||   201
         Skin              |       |    38 |       ||    38
  Dodge: Dodged            |    28 |   134 |    43 ||   205

Table legend: (Time is in decaauts)
 A = Elapsed time spent in this place.
 B = Non-inter-level travel time spent in this place.
 C = Inter-level travel time spent in this place.
 D = Time resting spent in this place.
 E = Time spent auto-exploring this place.
 F = Levels seen in this place.
 G = Mean time per level.
                   A        B        C        D        E       F      G
               +--------+--------+--------+--------+--------+-----+--------+
         Total |   4771 |   4764 |      7 |    655 |   1068 |   5 |  954.2 |
       Dungeon |   4771 |   4764 |      7 |    655 |   1068 |   5 |  954.2 |
               +--------+--------+--------+--------+--------+-----+--------+

Top non-repeatable levels by time:
     D:4: 1283 daAuts
     D:1: 1220 daAuts
     D:3: 1106 daAuts
     D:2: 1098 daAuts
     D:7: 61 daAuts
